 Dungeon Crawl Stone Soup version 0.22-a0-377-g846bec1 (webtiles) character file.

27 DrEnzyme the Magician (level 2, 0/20 HPs)
             Began as a Draconian Wanderer on Apr 26, 2018.
             Succumbed to an adder's poison
             ... on level 1 of the Dungeon.
             The game lasted 00:06:36 (785 turns).

DrEnzyme the Magician (Draconian Wanderer)           Turns: 785, Time: 00:06:37

Health: 0/20       AC:  5    Str: 16    XL:     2   Next: 93%
Magic:  5/5        EV: 11    Int: 13    God:
Gold:   43         SH:  0    Dex:  7    Spells: 6/6 levels left

rFire    . . .     SeeInvis .   e - +0 dagger (drain)
rCold    . . .     Gourm    .   (no shield)
rNeg     . . .     Faith    .   (armour unavailable)
rPois    .         Spirit   .   (helmet restricted)
rElec    .         Reflect  .   (no cloak)
rCorr    .         Harm     .   (no gloves)
MR       .....                  k - +0 pair of boots
Stlth    ++........             (no amulet)
HPRegen  0.06/turn              (no ring)
MPRegen  0.09/turn              (no ring)

@: lethally poisoned (0 -> -3)
A: unfitting armour, cold-blooded, AC +4
a: no special abilities


You were on level 1 of the Dungeon.
You were not hungry.

You visited 1 branch of the dungeon, and saw 2 of its levels.

You collected 43 gold pieces.

Inventory:

Hand Weapons
 a - a +2 dagger
 e - a +0 dagger of draining (weapon)
Armour
 k - a +0 pair of boots (worn)
Scrolls
 b - a scroll of fear
 c - 2 scrolls of fog {unknown}
 i - a scroll of identify {unknown}
Potions
 d - a potion of might {unknown}
 g - a potion of mutation {unknown}
 h - a potion of brilliance {unknown}
 j - a potion of flight {unknown}
Comestibles
 f - 3 rations


   Skills:
 + Level 0.1 Fighting
 + Level 1.4 Short Blades
 + Level 1.0 Dodging
 + Level 2.1 Stealth
 + Level 2.7 Spellcasting
   Level 1.0 Ice Magic
   Level 2.0 Air Magic
   Level 1.0 Evocations


You had 6 spell levels left.
You didn't know any spells.

Dungeon Overview and Level Annotations

Branches:
Dungeon (2/15)

Altars:


Innate Abilities, Weirdness & Mutations

Your plain brown scales are hard. (AC +4)
You cannot fit into any form of body armour.
You are cold-blooded and may be slowed by cold attacks.


Message History

* * * LOW HITPOINT WARNING * * *
You feel sick. The adder bites you but does no damage. The adder misses you.
You closely miss the adder.
The adder is severely wounded.
The adder completely misses you.
You hit the adder.
The adder is almost dead.
The adder bites you.
* * * LOW HITPOINT WARNING * * *
You hit the adder.
The adder is almost dead.
The adder bites you.
* * * LOW HITPOINT WARNING * * *
You closely miss the adder.
Your tail-slap misses the adder.
The adder is almost dead.
The adder closely misses you. The adder misses you.
You hit the adder.
You kill the adder!
Your life force feels restored.
You die...

#.##..........#
#.##..........#
#.##..........#
#.)#.......(..#
####..........[.#
#####...............#
......####..........#
####### #..........#
#......@...#
############


There were no monsters in sight!

Vanquished Creatures
  An adder (D:1)
  A giant cockroach (D:1)
  6 goblins (D:1)
  4 hobgoblins (D:1)
  A bat (D:1)
  3 kobolds (D:1)
16 creatures vanquished.

Notes
Turn   | Place    | Note
-------+----------+-------------------------------------------
     0 | D:1      | DrEnzyme the Draconian Wanderer began the quest for the Orb.
     0 | D:1      | DrEnzyme set off with: a +2 dagger, a scroll of fear, a ration
     0 | D:1      | Reached XP level 1. HP: 14/14 MP: 3/3
   268 | D:1      | Reached XP level 2. HP: 15/20 MP: 3/5
   783 | D:1      | HP: 1/20 [adder (1)]
   785 | D:1      | Succumbed to an adder's poison

Vault maps used:
D:1:      lordsloth_arrival_two_stooges
D:2:      nicolae_dithmenos_through_a_glass_darkly

Skill      XL: |  1  2 |
---------------+-------+-----
Stealth        | 2 |  2.1
Fighting       | |  0.1
Short Blades   | |  1.4
Dodging        | |  1.0
Spellcasting   | |  2.7
Ice Magic      | |  1.0
Air Magic      | |  2.0
Evocations     | |  1.0

Action                   || total
-------------------------++-------
Melee: Dagger            ||    56
       Tailslap          ||     6
Armor: Skin              ||    13
Dodge: Dodged            ||    31

Table legend:
 A = Spawn XP
 B = Non-spawn XP
 C = Spawn XP percentage of total XP
 D = Spawn monster count
 E = Non-spawn monster count
 F = Spawn count percentage of total count
 G = Total turns spent on level
                    A         B        C        D         E        F      G
               +---------+---------+-------+---------+---------+-------+---------
         Total |       0 |      39 |   0.0 |       0 |      16 |   0.0 |   785
               +---------+---------+-------+---------+---------+-------+---------
           D:1 |       0 |      39 |   0.0 |       0 |      16 |   0.0 |   767
               +---------+---------+-------+---------+---------+-------+---------
